 Dungeon Crawl Stone Soup version 0.19.5 (webtiles) character file.

387 tidbits the Skirmisher (level 6, -7/67 HPs)
             Began as a High Elf Wanderer on Oct 31, 2017.
             Killed by divine providence
             ... invoked by an orc priest
              (13 damage)
             ... on level 5 of the Dungeon.
             The game lasted 00:13:29 (1396 turns).

tidbits the Skirmisher (High Elf Wanderer)          Turns: 1396, Time: 00:13:30

Health: -7/67      AC:  7    Str: 18    XL:     6   Next: 49%
Magic:  7/7        EV: 12    Int: 15    God:
Gold:   102        SH:  4    Dex: 16    Spells: 0 memorised, 5 levels left

rFire  . . .     SeeInvis .     a - +0 mace (drain)
rCold  . . .     Gourm    .     B - +0 ring mail
rNeg   . . .     Faith    .     D - +0 buckler
rPois  +         Spirit   .     (no helmet)
rElec  .         Reflect  .     (no cloak)
rCorr  .         Harm     .     G - +0 pair of gloves
MR     .....                    F - +0 pair of boots
Stlth  ..........               (no amulet)
                                (no ring)
                                p - ring of poison resistance

@: mighty, berserking, lethally poisoned (-7 -> -16), very quick
A: no striking features
a: no special abilities


You were on level 5 of the Dungeon.
You were not hungry.

You visited 1 branch of the dungeon, and saw 5 of its levels.

You collected 102 gold pieces.

Inventory:

Hand Weapons
 a - a +0 mace of draining (weapon)
   (You found it on level 1 of the Dungeon)
 b - a +0 falchion of holy wrath
   (You took it off an orc on level 4 of the Dungeon)
 i - a +0 hand axe
   (You found it on level 1 of the Dungeon)
 y - a +0 mace
Missiles
 d - 86 stones (quivered)
 g - 61 bolts
 n - a javelin
 s - 25 arrows
 t - 18 poisoned needles
 z - 38 sling bullets
Armour
 k - a +0 leather armour
   (You found it on level 1 of the Dungeon)
 u - a +0 robe
 B - a +0 ring mail (worn)
   (You found it on level 1 of the Dungeon)
 D - a +0 buckler (worn)
   (You found it on level 4 of the Dungeon)
 F - a +0 pair of boots (worn)
   (You found it on level 1 of the Dungeon)
 G - a +0 pair of gloves (worn)
   (You found it on level 1 of the Dungeon)
Jewellery
 p - a ring of poison resistance (left hand)
   (You found it on level 1 of the Dungeon)
Wands
 e - a wand of flame (20/48)
   (You took it off Terence on level 3 of the Dungeon)
Scrolls
 f - a scroll of fear
 h - a scroll of enchant weapon {unknown}
 l - a scroll of magic mapping {unknown}
 m - a scroll of recharging {unknown}
Potions
 q - a potion of beneficial mutation {unknown}
 w - a potion of might
 x - a potion of cure mutation {!q}
 A - a potion of brilliance
Books
 E - a book of Minor Magic
   (You found it on level 3 of the Dungeon)

   Spells                             Type                      Level
   a - Magic Dart                     Conjuration                  1
   b - Blink                          Translocation                2
   c - Call Imp                       Summoning                    2
   d - Repel Missiles                 Charms/Air                   2
   e - Slow                           Hexes                        2
   f - Conjure Flame                  Conjuration/Fire             3
   g - Mephitic Cloud                 Conjuration/Poison/Air       3
Comestibles
 c - 3 bread rations
 r - a slice of pizza
 C - 3 meat rations


   Skills:
 - Level 5.6 Fighting
 + Level 4.2 Long Blades
 - Level 1.0 Throwing
 - Level 1.0 Armour
 - Level 3.8 Dodging
 - Level 1.1 Stealth
 + Level 1.5 Shields
 - Level 1.5 Unarmed Combat


You had 5 spell levels left.
You didn't know any spells.

Dungeon Overview and Level Annotations

Branches:
Dungeon (5/15)
 Temple: D:4-7

Altars:
Trog
Zin
The Shining One


Message History

The orc wizard misses you. The orc wizard casts a spell at you.
You easily resist.
You closely miss the orc wizard.
The orc wizard is severely wounded.
The orc wizard hits you with an enchanted dagger.
You completely miss the orc wizard.
The orc wizard is almost dead.
You block the orc wizard's attack. The orc wizard barely misses you.
You hit the orc wizard.
You kill the orc wizard!
Your Long Blades skill increases to level 4!
Things that are here:
an enchanted dagger; a robe; an orc corpse You see here a poisoned tomahawk.
o - 2 poisoned tomahawks (gained 1)
Things that are here:
an enchanted dagger; a robe; an orc corpse The orc priest shouts!
The orc priest mumbles some strange prayers to Beogh against you.
Beogh smites you!
An orc wizard comes into view. It is wielding a dagger of venom.
Throwing (i - inventory. (,) - cycle):
o - 2 poisoned tomahawks (quivered)
Press: ? - help, Shift-Dir - straight line, f - orc priest
Aim: an orc priest, wielding a falchion You throw a poisoned tomahawk.
The orc wizard shouts!
The poisoned tomahawk hits the orc priest.
The orc priest is poisoned.
The orc priest is lightly wounded.
The orc wizard gestures wildly while chanting.
The orc wizard flickers and vanishes!
The orc priest begins to cast a cantrip, but forgets the words!
Something hits you.
You are poisoned.
You hit the orc priest. You drain the orc priest!
The orc priest is almost dead.
You feel sick.
You kill the orc priest!
Something hits you but does no damage.
An orc priest comes into view. It is wielding a short sword.
You hear some strange, mumbled words.
A puff of flame appears from out of thin air!
The puff of flame hits you!
You see here a falchion.
You closely miss the orc priest.
You feel sick. Something barely misses you. The orc priest barely misses you.
Something hits you.
You hit the orc priest but do no damage.
You feel sick.
The orc priest invokes the aid of Beogh against you.
Pain shoots through your body!
* * * LOW HITPOINT WARNING * * *
Something hits you but does no damage.
You are more poisoned.
The orc priest closely misses you.
You barely miss the orc priest.
You feel sick. Something hits you but does no damage.
You are lethally poisoned!
The orc priest hits you but does no damage.
Press: ? - help, v - describe, . - travel The floor.
* * * LOW HITPOINT WARNING * * *
You feel sick.
You hear some strange, mumbled words.
A puff of flame appears from out of thin air!
The puff of flame hits you!
* * * LOW HITPOINT WARNING * * *
The orc priest looks braver for a moment.
Things that are here:
an enchanted dagger; a robe; an orc corpse You feel better.
Something hits you but does no damage.
Throwing (i - inventory. (,) - cycle):
o - a poisoned tomahawk (quivered)
Press: ? - help, Shift-Dir - straight line, f - orc priest
Aim: an orc priest, wielding a short sword You throw a poisoned tomahawk.
The poisoned tomahawk barely misses the orc priest.
You hear some strange, mumbled words.
Something tries to affect you, but you resist.
Something hits you but does no damage.
You are poisoned.
You feel very mighty all of a sudden.
You feel sick. Something hits you but does no damage.
You are more poisoned.
You sock something!
You feel sick.
The orc priest invokes the aid of Beogh against you.
Beogh smites you!
* * * LOW HITPOINT WARNING * * *
Something hits you but does no damage.
It was a potion of berserk rage.
A red film seems to cover your vision as you go berserk!
You feel yourself moving faster!
You feel mighty!
* * * LOW HITPOINT WARNING * * *
You feel sick. Something hits you but does no damage.
The orc priest begins to cast a cantrip, but forgets the words!
You miss something.
* * * LOW HITPOINT WARNING * * *
You feel sick. Something hits you but does no damage.
The orc priest invokes the aid of Beogh against you.
Beogh smites you!
You die...

#...# #...#
##..###
#..#.#
#..#.#
##.#.# ##o.#
#)## ####@#
#.##.#
##...##
##....#
#.....##
##......#
##.......##
#.........#
##........##


You could see an orc priest.

Vanquished Creatures
  An ogre (D:4)
  A scorpion (D:3)
  A howler monkey (D:4)
  An orc priest (D:5)
  An orc wizard (D:5)
  Terence (D:3)
  Natasha (D:3)
  A gnoll (D:2)
  6 adders
  An ooze (D:3)
  A worm (D:1)
  2 dart slugs (D:1)
  4 orcs
  4 bats
  2 giant cockroaches
  2 goblins
  2 hobgoblins
  3 kobolds
  A quokka (D:2)
  A ball python (D:3)
  2 frilled lizards
  A jackal skeleton (D:4)
  A rat (D:2)
41 creatures vanquished.

Vanquished Creatures (others)
  A frilled lizard (D:2)
1 creature vanquished.

Grand Total: 42 creatures vanquished

Notes
Turn   | Place    | Note
-------+----------+-------------------------------------------
     0 | D:1      | tidbits the High Elf Wanderer began the quest for the Orb.
     0 | D:1      | tidbits set off with: a scroll of fear, a potion of heal wounds, a +0 mace, a potion of curing, a +0 robe, a bread ration
     0 | D:1      | Reached XP level 1. HP: 17/17 MP: 2/2
    83 | D:1      | Reached skill level 1 in Dodging
   153 | D:1      | Reached XP level 2. HP: 5/22 MP: 3/3
   558 | D:1      | Reached XP level 3. HP: 6/27 MP: 4/4
   629 | D:2      | Reached skill level 2 in Dodging
   760 | D:2      | Found a glowing golden altar of the Shining One.
   940 | D:4      | Reached skill level 5 in Fighting
   940 | D:4      | Reached XP level 4. HP: 25/35 MP: 5/5
   955 | D:4      | Noticed an ogre
   999 | D:3      | Reached skill level 3 in Dodging
  1012 | D:3      | Noticed Natasha
  1037 | D:3      | Reached XP level 5. HP: 19/39 MP: 6/6
  1042 | D:3      | Killed Natasha
  1125 | D:4      | Killed an ogre
  1125 | D:4      | Reached skill level 3 in Long Blades
  1125 | D:4      | Reached XP level 6. HP: 35/45 MP: 7/7
  1178 | D:2      | Found a glowing silver altar of Zin.
  1178 | D:2      | Found a bloodstained altar of Trog.
  1268 | D:3      | Noticed Terence
  1274 | D:3      | Killed Terence
  1322 | D:5      | Entered Level 5 of the Dungeon
  1360 | D:5      | Reached skill level 4 in Long Blades
  1395 | D:5      | HP: 6/67 [poisoned by an orc wizard]
  1396 | D:5      | Killed from afar by an orc priest

Skill      XL: |  1  2  3  4  5  6 |
---------------+-------------------+-----
Dodging        | 1 2 3 |  3.8
Fighting       | 5 |  5.6
Long Blades    | 3 4 |  4.2
Throwing       | |  1.0
Armour         | |  1.0
Stealth        | |  1.1
Shields        | |  1.5
Unarmed Combat | |  1.5

Action                   |  1- 3 |  4- 6 || total
-------------------------+-------+-------++-------
Melee: Mace              |    77 |    80 ||   157
       Punch             |     1 |       ||     1
Throw: Javelin           |     9 |     1 ||    10
       Stone             |     5 |       ||     5
       Tomahawk          |       |    16 ||    16
  Use: Potion            |     1 |     7 ||     8
       Scroll            |       |     2 ||     2
 Stab: Sleeping          |     2 |       ||     2
       Invisible         |       |     1 ||     1
  Eat: Chunk             |       |     2 ||     2
Armor: Robe              |    19 |       ||    19
       Ring mail         |    14 |    43 ||    57
Dodge: Dodged            |    51 |    55 ||   106
Block: Buckler           |       |     1 ||     1

Table legend:
 A = Turns spent in this place as a percentage of turns spent in the entire game.
 B = Non-inter-level travel turns spent in this place as a percentage of non-inter-level travel turns spent in the entire game.
 C = Inter-level travel turns spent in this place as a percentage of turns spent in this place.
 D = Turns resting spent in this place as a percentage of non-inter-level travel turns spent in this place.
 E = Turns spent auto-exploring this place as a percentage of non-inter-level travel turns spent in this place.
 F = Non-inter-level travel turns spent in this place divided by the number of levels of this place that you've seen.
                   A       B       C       D       E      F
               +-------+-------+-------+-------+-------+----------------------
         Total | 100.0 | 100.0 |   0.2 |   0.0 |   0.0 | 248.2
       Dungeon | 100.0 | 100.0 |   0.2 |   0.0 |   0.0 | 248.2
               +-------+-------+-------+-------+-------+----------------------

Table legend:
 A = Kills in this place as a percentage of kills in entire the game.
 B = Kills by you in this place as a percentage of kills by you in the entire game.
 C = Kills by friends in this place as a percentage of kills by friends in the entire game.
 D = Other kills in this place as a percentage of other kills in the entire game.
 E = Experience gained in this place as a percentage of experience gained in the entire game.
 F = Experience gained in this place divided by the number of levels of this place that you have seen.
                   A       B       C       D       E      F
               +-------+-------+-------+-------+-------+----------------------
         Total | 100.0 | 100.0 |  -nan |  -nan | 100.0 | 110.8
       Dungeon | 100.0 | 100.0 |  -nan |  -nan | 100.0 | 110.8
               +-------+-------+-------+-------+-------+----------------------

Vault maps used:
D:1:      saegor_arrival_simple_d, kennysheep_boxes
D:2:      okawaru_altar_gauntlet_db, fiery_altar_vehumet, lemuel_doored_altar,
          lemuel_coloured_pillars_altar, gammafunk_temple_overflow_pools,
          grunt_decor_arrowhead, nrook_mini_backslash
D:3:      uniq_iyjb, uniq_natasha, uniq_terence
D:4:      temple_hall_moat, yredelemnul_altar_generic
D:5:      fedhas_altar_3, first_bread
